 Dungeon Crawl Stone Soup version 0.18.1-6-gd335043 (webtiles) character file.

1576 Gingerlord the Skirmisher (level 9, -2/69 HPs)
             Began as a Formicid Abyssal Knight on May 17, 2016.
             Was a Priest of Lugonu.
             Killed by nerve-wracking pain
             ... invoked by an orc priest
              (13 damage)
             ... on level 4 of the Dungeon.
             The game lasted 00:14:27 (6569 turns).

Gingerlord the Skirmisher (Formicid Abyssal Knight) Turns: 6569, Time: 00:14:27

Health: -2/69      AC: 19    Str: 17    XL:     9   Next: 14%
Magic:  13/13      EV:  5    Int: 12    God:    Lugonu [***...]
Gold:   262        SH:  9    Dex: 12    Spells: 0 memorised, 8 levels left

rFire  . . .     SeeInvis +     k - +0 long sword
rCold  . . .     Gourm    .     j - +0 plate armour
rNeg   . . .     Faith    .     l - +0 shield
rPois  .         Spirit   .     (helmet unavailable)
rElec  .         Dismiss  .     (no cloak)
rCorr  .         Reflect  .     h - +0 pair of gloves
SustAt .         Harm     .     g - +0 pair of boots
MR     .....                    (no amulet)
Stlth  ..........               (no ring)
                                p - +1 ring of slaying

@: not resistant to hostile enchantments, extremely unstealthy
A: permanent stasis, dig shafts and tunnels, four strong arms, antennae 3, rough
black scales 1, sense surroundings 1, shaggy fur 1
a: Dig, Shaft Self, Depart the Abyss, Bend Space, Banish, Renounce Religion


You were on level 4 of the Dungeon.
You worshipped Lugonu.
Lugonu was most pleased with you.
You were not hungry.

You visited 1 branch of the dungeon, and saw 5 of its levels.
You visited the Abyss 1 time.

You collected 262 gold pieces.

Inventory:

Hand Weapons
 k - a +0 long sword (weapon)
Armour
 g - a +0 pair of boots (worn)
 h - a +0 pair of gloves (worn)
 j - a +0 plate armour (worn)
 l - a +0 shield (worn)
Jewellery
 p - a +1 ring of slaying (left hand)
Scrolls
 e - a scroll of remove curse
 f - 4 scrolls of identify
 i - a scroll of recharging {unknown}
 o - a scroll of magic mapping {unknown}
 q - a scroll of fear {unknown}
 s - 2 scrolls of teleportation {unknown}
Potions
 b - 2 potions of brilliance
 d - a potion of heal wounds
 m - a potion of flight
Comestibles
 a - a beef jerky
 c - 4 bread rations
 n - 3 meat rations
 r - 2 fruits
 t - 2 chunks of flesh


   Skills:
 + Level 6.0 Fighting
 + Level 4.6 Long Blades
 + Level 5.3 Armour
 + Level 3.7 Dodging
 + Level 5.1 Shields
 + Level 5.8 Invocations


You had 8 spell levels left.
You didn't know any spells.

Dungeon Overview and Level Annotations

Branches:
Dungeon (5/15)
 Temple: D:4-7

Altars:
Elyvilon

Annotations:
Abyss:1 Grinder


Innate Abilities, Weirdness & Mutations

You are under a permanent stasis effect.
You can dig through walls and to a lower floor.
Your four strong arms can wield two-handed weapons with a shield.
You have a pair of large antennae on your head (SInv).
You are partially covered in rough black scales (AC +4, Dex -1).
You passively map a small area around you.
You are covered in fur (AC +1).


Message History

The orc priest invokes the aid of Beogh against you.
Beogh smites you! The orc barely misses you.
Your plate armour prevents you from hitting the orc priest.
The orc priest is heavily wounded.
The orc priest hits you but does no damage.
The orc hits you but does no damage. The orc hits you with a war axe.
* * * LOW HITPOINT WARNING * * *
You slash the orc priest!
The orc priest is almost dead.
The orc priest calls down the wrath of Beogh upon you.
Pain shoots through your body!
* * * LOW HITPOINT WARNING * * *
You block the orc's attack. The orc barely misses you.
Unknown command.
Unknown command.
Your shield and plate armour prevent you from hitting the orc priest.
The orc priest is almost dead.
The orc priest invokes the aid of Beogh against you.
Pain shoots through your body!
You die...

...............$.........#.####..
........#...####.#######....# #..
............# ....## #....###..
.........##..# .(#.8#*##.........
.........##..# #....#.##......###
.............###(.... ,#..#...#..
.....#####...#.#.8.# *##..#...#..
.............##ooo.# #...#..P#'#
............##..@# *#.#..#......
............#..###, ..##..#......
............#.##########..#.....#
......###.................#..####
......###.................#..#.†'
.............................#..#
...######............#.......####
..[....#.........................
.......#....###..................


You could see an orc priest and 2 orcs.

Vanquished Creatures
  Edmund (D:4)
  Duvessa (D:4)
  3 orc warriors (D:4)
  2 centaurs (D:5)
  Dowan (D:4)
  A howler monkey (D:5)
  4 hounds
  3 orc priests
  6 orc wizards
  A gnoll shaman (D:5)
  An iguana (D:4)
  3 worker ants
  4 gnolls
  9 adders
  2 oozes (D:3)
  2 worms (D:4)
  4 dart slugs
  4 giant geckos
  12 orcs
  2 ball pythons
  A giant cockroach (D:3)
  8 goblins
  8 hobgoblins
  2 jackals (D:3)
  A quokka (D:5)
  A bat (D:3)
  3 giant newts
  9 kobolds
  A quokka skeleton (D:4)
  6 rats
106 creatures vanquished.

Notes
Turn   | Place    | Note
--------------------------------------------------------------
     0 | Abyss:1  | Gingerlord the Formicid Abyssal Knight began the quest for the Orb.
     0 | Abyss:1  | Reached XP level 1. HP: 18/18 MP: 2/2
    83 | Abyss:1  | Noticed a large abomination
   123 | D:1      | Escaped the Abyss
   216 | D:1      | Reached skill level 1 in Dodging
   216 | D:1      | Reached XP level 2. HP: 13/24 MP: 3/3
   572 | D:1      | Reached * piety under Lugonu
   721 | D:2      | Reached XP level 3. HP: 21/30 MP: 4/4
  1004 | D:2      | Found a white marble altar of Elyvilon.
  1609 | D:3      | Reached XP level 4. HP: 30/37 MP: 6/6
  1837 | D:3      | Reached skill level 1 in Shields
  1877 | D:3      | HP: 1/37 [adder (4)]
  1882 | D:3      | Reached XP level 5. HP: 17/42 MP: 7/7
  2422 | D:3      | Reached ** piety under Lugonu
  2555 | D:3      | Reached skill level 4 in Fighting
  2724 | D:4      | Reached XP level 6. HP: 44/48 MP: 8/8
  2738 | D:4      | Noticed Edmund
  2753 | D:4      | Killed Edmund
  3139 | D:4      | Reached XP level 7. HP: 27/55 MP: 10/10
  3403 | D:4      | Noticed Duvessa
  3462 | D:4      | Noticed Dowan
  3734 | D:4      | HP: 2/55 [orc priest/divine providence (9)]
  4047 | D:4      | Noticed Grinder
  4094 | D:5      | Entered Level 5 of the Dungeon
  4201 | D:5      | Reached skill level 5 in Fighting
  4737 | D:4      | Killed Duvessa
  4737 | D:4      | Reached XP level 8. HP: 54/62 MP: 11/11
  4760 | D:4      | Killed Dowan
  4840 | D:4      | Gained mutation: You are partially covered in rough black scales (AC +4, Dex -1). [potion of mutation]
  4840 | D:4      | Gained mutation: You passively map a small area around you. [potion of mutation]
  4840 | D:4      | Gained mutation: You are covered in fur (AC +1). [potion of mutation]
  4890 | D:4      | Reached skill level 5 in Invocations
  5232 | D:4      | HP: 2/63 [orc warrior/battleaxe (9)]
  5657 | D:5      | Reached *** piety under Lugonu
  5815 | D:4      | Banished Grinder
  5815 | D:4      | Reached skill level 5 in Armour
  5834 | D:4      | Reached XP level 9. HP: 57/69 MP: 10/13
  5911 | D:4      | Reached skill level 5 in Shields
  6329 | D:4      | Reached skill level 6 in Fighting
  6569 | D:4      | Killed from afar by an orc priest

Skill      XL: |  1  2  3  4  5  6  7  8  9 |
---------------+----------------------------+-----
Dodging        | 1 2 3 |  3.7
Invocations    | 3 4 5 |  5.8
Shields        | 1 2 3 4 5 |  5.1
Armour         | 3 4 5 |  5.3
Fighting       | 4 5 6 |  6.0
Long Blades    | 3 4 |  4.6

Action                   |  1- 3 |  4- 6 |  7- 9 || total
-------------------------+-------+-------+-------++-------
Melee: Falchion          |    86 |   165 |   286 ||   537
       Long sword        |       |       |    68 ||    68
Invok: Depart the Abyss  |     1 |       |       ||     1
       Banish            |       |       |     1 ||     1
 Abil: Dig               |       |     2 |     3 ||     5
  Use: Potion            |     1 |     5 |     6 ||    12
       Scroll            |       |       |     7 ||     7
 Stab: Invisible         |       |     1 |       ||     1
  Eat: Chunk             |     2 |     2 |     7 ||    11
       Meat ration       |       |     1 |     1 ||     2
Armor: Plate armour      |    55 |   155 |   250 ||   460
       Leather armour    |     3 |       |       ||     3
Dodge: Dodged            |    41 |    53 |    82 ||   176
Block: Shield            |       |       |    37 ||    37
